PCL
GRESHAM GOLD SOULS @ VANCOUVER VIPERS
07/24/2024
 
TOP OF THE 1ST
Gresham Gold Souls batting - Pitching for Vancouver Vipers : RHP Javier Toledo
Pitching: RHP Javier Toledo
Batting: LHB Salvador Ruíz 0-0: Swinging Strike
0-1: Ball
1-1: Foul Ball, location: 2F
1-2: Foul Ball, location: 2F
1-2: Ball
2-2: Strikes out swinging
Batting: RHB Carlos García 0-0: Called Strike
0-1: Ball
1-1: Ground out 6-3 (Groundball, 6)
Batting: RHB Lorenzo Morín 0-0: Swinging Strike
0-1: Ground out 6-3 (Groundball, 6)
Top of the 1st over - 0 run(s), 0 hit(s), 0 error(s), 0 left on base; Gresham 0 - Vancouver 0
BOTTOM OF THE 1ST
Vancouver Vipers batting - Pitching for Gresham Gold Souls : RHP António Benítez
Pitching: RHP António Benítez
Batting: LHB Ray Spencer 0-0: Foul Ball, location: 2F
0-1: Ball
1-1: Ball
2-1: Ball
3-1: Called Strike
3-2: Fly out, F4 (Line Drive, 4MD)
Batting: RHB Salvador Medine 0-0: Ball
1-0: Ball
2-0: Called Strike
2-1: Ground out 5-3 (Groundball, 56S)
Batting: LHB Mike Williams 0-0: Ball
1-0: Foul Ball, location: 2F
1-1: Ball
2-1: Foul Ball, location: 2F
2-2: Strikes out swinging
Bottom of the 1st over - 0 run(s), 0 hit(s), 0 error(s), 0 left on base; Gresham 0 - Vancouver 0
TOP OF THE 2ND
Gresham Gold Souls batting - Pitching for Vancouver Vipers : RHP Javier Toledo
Batting: RHB George Jost 0-0: Called Strike
0-1: Foul Ball, location: 2F
0-2: Ball
1-2: Ball
2-2: Foul Ball, location: 2F
2-2: Strikes out swinging
Batting: RHB Claudio Guerra 0-0: Ball
1-0: Fly out, F7 (Flyball, 78XD)
Batting: RHB Pablo Lucero 0-0: Called Strike
0-1: Foul Ball, location: 2F
0-2: Ground out 1-3 (Groundball, 13S)
Top of the 2nd over - 0 run(s), 0 hit(s), 0 error(s), 0 left on base; Gresham 0 - Vancouver 0
BOTTOM OF THE 2ND
Vancouver Vipers batting - Pitching for Gresham Gold Souls : RHP António Benítez
Batting: RHB Sergio Pujols 0-0: Ball
1-0: Ground out 4-3 (Groundball, 4M)
Batting: RHB Ricardo Cabrera 0-0: Ball
1-0: Fly out, F5 (Popup, 7LSF)
Batting: RHB Marvin Workman 0-0: Called Strike
0-1: SINGLE (Groundball, 4D)
Batting: RHB Lorenzo González 0-0: Called Strike
0-1: Fly out, F9 (Popup, 4D)
Bottom of the 2nd over - 0 run(s), 1 hit(s), 0 error(s), 1 left on base; Gresham 0 - Vancouver 0
TOP OF THE 3RD
Gresham Gold Souls batting - Pitching for Vancouver Vipers : RHP Javier Toledo
Batting: SHB Sean Carr 0-0: Ball
1-0: Ball
2-0: Foul Ball, location: 2F
2-1: Ground out 5-3 (Groundball, 5D)
Batting: RHB Pablo Castillo 0-0: Foul Ball, location: 2F
0-1: Called Strike
0-2: Ground out 6-3 (Groundball, 6)
Batting: SHB Vicente Martínez 0-0: Ball
1-0: Foul Ball, location: 2F
1-1: Ball
2-1: Swinging Strike
2-2: SINGLE (Line Drive, 34D)
Batting: LHB Salvador Ruíz 0-0: Ball
1-0: Ball
2-0: Fly out, F8 (Flyball, 8LS)
Top of the 3rd over - 0 run(s), 1 hit(s), 0 error(s), 1 left on base; Gresham 0 - Vancouver 0
BOTTOM OF THE 3RD
Vancouver Vipers batting - Pitching for Gresham Gold Souls : RHP António Benítez
Batting: SHB Kyle MacGregor 0-0: Called Strike
0-1: Ball
1-1: Called Strike
1-2: Ball
2-2: Ball
3-2: Base on Balls
Batting: LHB Malcolm Thomas 0-0: Fly out, F8 (Flyball, 78D)
Batting: LHB Ray Spencer 0-0: Ball
1-0: Grounds into double play, 4-6-3 (Groundball, 4)
Bottom of the 3rd over - 0 run(s), 0 hit(s), 0 error(s), 0 left on base; Gresham 0 - Vancouver 0
TOP OF THE 4TH
Gresham Gold Souls batting - Pitching for Vancouver Vipers : RHP Javier Toledo
Batting: RHB Carlos García 0-0: Ball
1-0: Ball
2-0: Foul Ball, location: 2F
2-1: Ball
3-1: SOLO HOME RUN (Flyball, 7LD), Distance : 374 ft
Batting: RHB Lorenzo Morín 0-0: Called Strike
0-1: Foul Ball, location: 2F
0-2: Ball
1-2: Strikes out swinging
Batting: RHB George Jost 0-0: Called Strike
0-1: Ball
1-1: Ground out 5-3 (Groundball, 56S)
Batting: RHB Claudio Guerra 0-0: Foul Ball, location: 2F
0-1: SINGLE (Groundball, 25) (infield hit)
Batting: RHB Pablo Lucero 0-0: Swinging Strike
0-1: Ball
1-1: Called Strike
1-2: Ball
2-2: Ball
3-2: Base on Balls
Claudio Guerra to second
Batting: SHB Sean Carr 0-0: Ball
1-0: Swinging Strike
1-1: Ball
2-1: Called Strike
2-2: Foul Ball, location: 2F
2-2: Foul Ball, location: 2F
2-2: Ground out 5-3 (Groundball, 5S)
Top of the 4th over - 1 run(s), 2 hit(s), 0 error(s), 2 left on base; Gresham 1 - Vancouver 0
BOTTOM OF THE 4TH
Vancouver Vipers batting - Pitching for Gresham Gold Souls : RHP António Benítez
Batting: RHB Salvador Medine 0-0: Ball
1-0: Swinging Strike
1-1: Fly out, F9 (Flyball, 9M)
Batting: LHB Mike Williams 0-0: Ball
1-0: Ball
2-0: Swinging Strike
2-1: DOUBLE (Groundball, 3L)
Batting: RHB Sergio Pujols 0-0: Called Strike
0-1: Called Strike
0-2: Ball
1-2: Strikes out looking
Batting: RHB Ricardo Cabrera 0-0: Called Strike
0-1: Swinging Strike
0-2: Foul Ball, location: 2F
0-2: Strikes out looking
Bottom of the 4th over - 0 run(s), 1 hit(s), 0 error(s), 1 left on base; Gresham 1 - Vancouver 0
TOP OF THE 5TH
Gresham Gold Souls batting - Pitching for Vancouver Vipers : RHP Javier Toledo
Batting: RHB Pablo Castillo 0-0: Fly out, F7 (Flyball, 7D)
Batting: SHB Vicente Martínez 0-0: Ball
1-0: Foul Ball, location: 2F
1-1: Fly out, F7 (Flyball, 78S)
Batting: LHB Salvador Ruíz 0-0: Ball
1-0: Swinging Strike
1-1: Ground out 6-3 (Groundball, 6)
Top of the 5th over - 0 run(s), 0 hit(s), 0 error(s), 0 left on base; Gresham 1 - Vancouver 0
BOTTOM OF THE 5TH
Vancouver Vipers batting - Pitching for Gresham Gold Souls : RHP António Benítez
Batting: RHB Marvin Workman 0-0: Called Strike
0-1: Fly out, F3 (Popup, 3F)
Batting: RHB Lorenzo González 0-0: Ball
1-0: Ground out 5-3 (Groundball, 56)
Batting: SHB Kyle MacGregor 0-0: Called Strike
0-1: Ball
1-1: Foul Ball, location: 2F
1-2: Foul Ball, location: 2F
1-2: Foul Ball, location: 2F
1-2: Strikes out swinging
Bottom of the 5th over - 0 run(s), 0 hit(s), 0 error(s), 0 left on base; Gresham 1 - Vancouver 0
TOP OF THE 6TH
Gresham Gold Souls batting - Pitching for Vancouver Vipers : RHP Javier Toledo
Batting: RHB Carlos García 0-0: Called Strike
0-1: Ball
1-1: Foul Ball, location: 2F
1-2: SINGLE (Line Drive, 6M)
Batting: RHB Lorenzo Morín 0-0: Foul Ball, location: 2F
0-1: Ball
1-1: Called Strike
Carlos García steals 2nd base
1-2: Foul Ball, location: 2F
1-2: Foul Ball, location: 2F
1-2: Strikes out looking
Batting: RHB George Jost 0-0: Ball
1-0: Ball
2-0: Called Strike
2-1: Ball
3-1: Base on Balls
Batting: RHB Claudio Guerra 0-0: Called Strike
0-1: Foul Ball, location: 2F
0-2: Ball
1-2: Strikes out swinging
Batting: RHB Pablo Lucero 0-0: Called Strike
0-1: Ground out 6-3 (Groundball, 6)
Top of the 6th over - 0 run(s), 1 hit(s), 0 error(s), 2 left on base; Gresham 1 - Vancouver 0
BOTTOM OF THE 6TH
Vancouver Vipers batting - Pitching for Gresham Gold Souls : RHP António Benítez
Batting: LHB Malcolm Thomas 0-0: Called Strike
0-1: Foul Ball, location: 2F
0-2: Strikes out swinging
Batting: LHB Ray Spencer 0-0: Ball
1-0: Called Strike
1-1: Swinging Strike
1-2: Ball
2-2: Fly out, F6 (Popup, 56)
Batting: RHB Salvador Medine 0-0: Ball
1-0: Ball
2-0: Foul Ball, location: 2F
2-1: Ground out 5-3 (Groundball, 56S)
Bottom of the 6th over - 0 run(s), 0 hit(s), 0 error(s), 0 left on base; Gresham 1 - Vancouver 0
TOP OF THE 7TH
Gresham Gold Souls batting - Pitching for Vancouver Vipers : RHP Javier Toledo
Pitching: RHP Jesse Jones
Batting: SHB Sean Carr 0-0: Called Strike
0-1: SINGLE (Groundball, 56D)
Batting: RHB Pablo Castillo Pickoff Throw to First - Out!
0-0: Ball
1-0: Swinging Strike
1-1: Foul Ball, location: 2F
1-2: Ball
2-2: Ball
3-2: Ground out 5-3 (Groundball, 5)
Batting: SHB Vicente Martínez 0-0: SINGLE (Flyball, 8LS)
Batting: LHB Salvador Ruíz 0-0: Ball
1-0: Ball
2-0: Ball
Balk!
Vicente Martínez to second
3-0: Called Strike
3-1: Swinging Strike
3-2: Base on Balls
Batting: RHB Carlos García 0-0: Ball
Wild Pitch!
Vicente Martínez to third
Salvador Ruíz to second
1-0: Ball
2-0: Ball
3-0: Base on Balls
Batting: RHB Lorenzo Morín 0-0: Swinging Strike
0-1: Ball
1-1: Ball
2-1: Called Strike
2-2: Foul Ball, location: 2F
2-2: Strikes out swinging
Top of the 7th over - 0 run(s), 2 hit(s), 0 error(s), 3 left on base; Gresham 1 - Vancouver 0
BOTTOM OF THE 7TH
Vancouver Vipers batting - Pitching for Gresham Gold Souls : RHP António Benítez
Batting: LHB Mike Williams 0-0: Called Strike
0-1: Foul Ball, location: 2F
0-2: Ball
1-2: Fly out, F3 (Line Drive, 3L)
Batting: RHB Sergio Pujols 0-0: Called Strike
0-1: Swinging Strike
0-2: Ball
1-2: Fly out, F8 (Flyball, 8RM)
Batting: RHB Ricardo Cabrera 0-0: Called Strike
0-1: Ground out 5-3 (Groundball, 56)
Bottom of the 7th over - 0 run(s), 0 hit(s), 0 error(s), 0 left on base; Gresham 1 - Vancouver 0
TOP OF THE 8TH
Gresham Gold Souls batting - Pitching for Vancouver Vipers : RHP Jesse Jones
Batting: RHB George Jost 0-0: Ball
1-0: Called Strike
1-1: Foul Ball, location: 2F
1-2: Strikes out swinging
Batting: RHB Claudio Guerra 0-0: Ball
1-0: DOUBLE (Line Drive, 7LS)
Batting: RHB Pablo Lucero 0-0: Called Strike
0-1: Foul Ball, location: 2F
0-2: Ball
1-2: Strikes out swinging
Batting: SHB Sean Carr 0-0: Foul Ball, location: 2F
0-1: Swinging Strike
0-2: Strikes out looking
Top of the 8th over - 0 run(s), 1 hit(s), 0 error(s), 1 left on base; Gresham 1 - Vancouver 0
BOTTOM OF THE 8TH
Vancouver Vipers batting - Pitching for Gresham Gold Souls : RHP António Benítez
Pitching: RHP León Trevino
Now at C: Luke McIndoe
Batting: RHB Marvin Workman 0-0: Ball
1-0: Called Strike
1-1: Ball
2-1: Foul Ball, location: 2F
2-2: SINGLE (Flyball, 89S)
Batting: RHB Lorenzo González 0-0: Sac Bunt - play at first, batter OUT! 2-4
Marvin Workman to second
Pinch Hitting: RHB Howard Lane 0-0: Fly out, F8 (Flyball, 8LS)
Pitching: RHP John Bowden
Batting: LHB Malcolm Thomas 0-0: Ground out 4-3 (Groundball, 4)
Bottom of the 8th over - 0 run(s), 1 hit(s), 0 error(s), 1 left on base; Gresham 1 - Vancouver 0
TOP OF THE 9TH
Gresham Gold Souls batting - Pitching for Vancouver Vipers : RHP Jesse Jones
Pitching: RHP Jeff Lynn
Now at 2B: Cristo Gilera
Batting: RHB Pablo Castillo 0-0: Foul Ball, location: 2F
0-1: Ball
1-1: Ball
2-1: SINGLE (Flyball, 8RS)
Batting: SHB Vicente Martínez 0-0: Foul Ball, location: 2F
0-1: Called Strike
0-2: Foul Ball, location: 2F
0-2: Grounds into double play, 4-6-3 (Groundball, 4)
Batting: LHB Salvador Ruíz 0-0: Ball
1-0: Foul Ball, location: 2F
1-1: DOUBLE (Line Drive, 78XD)
Batting: RHB Carlos García 0-0: Ball
1-0: Foul Ball, location: 2F
1-1: Ground out 4-3 (Groundball, 4)
Top of the 9th over - 0 run(s), 2 hit(s), 0 error(s), 1 left on base; Gresham 1 - Vancouver 0
BOTTOM OF THE 9TH
Vancouver Vipers batting - Pitching for Gresham Gold Souls : RHP John Bowden
Batting: LHB Ray Spencer 0-0: Ball
1-0: Fly out, F7 (Flyball, 78M)
Pinch Hitting: RHB Dan Tyler 0-0: SINGLE (Line Drive, 3D)
Batting: LHB Mike Williams 0-0: Foul Ball, location: 2F
0-1: Fly out, F7 (Flyball, 7LD)
Pinch Hitting: RHB Guillermo Sánchez 0-0: Ball
1-0: Foul Ball, location: 2F
1-1: Ball
2-1: Ball
3-1: Foul Ball, location: 2F
3-2: Base on Balls
Dan Tyler to second
Pitching: RHP José González
Pinch Hitting: RHB Daniel Robert 0-0: Foul Ball, location: 2F
0-1: Swinging Strike
0-2: Strikes out swinging
Bottom of the 9th over - 0 run(s), 1 hit(s), 0 error(s), 2 left on base; Gresham 1 - Vancouver 0
This league is powered by Out of the Park Baseball, the baseball management simulation game for PC, Mac and Linux
Saturday, April 9th, 2016 - OOTP Baseball 16.8 Build 38